 Dungeon Crawl Stone Soup version 0.23.2-40-g277498a001 (webtiles) character file.

Game seed: 10303332956104080404

102 Curus the Chopper (level 4, -1/39 HPs)
             Began as a Hill Orc Abyssal Knight on Oct 17, 2019.
             Was a Believer of Lugonu.
             Slain by a hound (4 damage)
             ... on level 3 of the Dungeon.
             The game lasted 00:05:34 (1875 turns).

Curus the Chopper (Hill Orc Abyssal Knight)         Turns: 1875, Time: 00:05:35

Health: -1/39      AC:  5    Str: 14    XL:     4   Next: 77%
Magic:  7/7        EV: 11    Int: 12    God:    Lugonu [**....]
Gold:   129        SH:  0    Dex: 11    Spells: 3/3 levels left

rFire    . . .     SeeInvis .   a - +1 hand axe
rCold    . . .     Gourm    .   (no shield)
rNeg     . . .     Faith    .   b - +1 leather armour
rPois    .         Spirit   .   (no helmet)
rElec    .         Reflect  .   e - +0 cloak
rCorr    .         Harm     .   (no gloves)
MR       .....                  (no boots)
Stlth    +.........             (no amulet)
HPRegen  0.13/turn              (no ring)
MPRegen  0.10/turn              (no ring)

@: no status effects
A: no striking features
a: Depart the Abyss, Bend Space, Renounce Religion


You were on level 3 of the Dungeon.
You worshipped Lugonu.
Lugonu was pleased with you.
You were not hungry.

You visited 1 branch of the dungeon, and saw 3 of its levels.
You visited the Abyss 1 time.

You collected 129 gold pieces.

Inventory:

Hand Weapons
 a - a +1 hand axe (weapon)
Armour
 b - a +1 leather armour (worn)
 e - a +0 cloak (worn)
Scrolls
 d - 5 scrolls of identify
Potions
 f - a potion of might
Comestibles
 c - 3 rations


   Skills:
 - Level 3.6 Fighting
 + Level 4.9 Axes
 - Level 2.1 Armour
 - Level 0.7 Dodging
 + Level 4.7 Invocations


You had 3 spell levels left.
You didn't know any spells.
Your spell library was empty.

Dungeon Overview and Level Annotations

Branches:
Dungeon (3/15)

Altars:


Message History

As you read the scroll labeled BIACLO VUOM, it crumbles to dust.
The creatures around you are filled with an inner flame!
It was a scroll of immolation.
The hound bites you but does no damage. The hound misses you.
You fail to use your ability.
The hound closely misses you.
Okay, then.
Unknown command.
Unknown command.
Space bends around you!
You blink.
The hound bites you but does no damage. The hound closely misses you.
The hound bites you but does no damage. The hound misses you.
The hound bites you but does no damage. The hound bites you.
* * * LOW HITPOINT WARNING * * *
Things that are here:
a +0 short sword; a goblin corpse The hound bites you.
You die...

#.........##...#
#.........##.#.#
##.........##.#.#
#....)........#.#
#..........#..#.#
#..........#..#.#
#..........#..#.# .
#.......##.#..#h# ..
#...(...#..#..#@# .o.
#.......#.##..#.# ..o.
#.#.............# ..o.h
#.#........#.)###.K....
#.#.......##..#(.......
#.........#...........#
##########..##..#..##..
....##..###..#
....###..# ..#


You could see a hound (inner flame).

Vanquished Creatures
  An orc priest (D:3)
  An adder (D:2)
  2 worms (D:2)
  A dart slug (D:2)
  A leopard gecko (D:2)
  4 orcs (D:3)
  A ball python (D:2)
  7 bats
  2 giant cockroaches
  9 goblins
  4 hobgoblins
  4 kobolds
  5 frilled lizards
  10 rats
52 creatures vanquished.

Notes
Turn   | Place    | Note
-------+----------+-------------------------------------------
     0 | Abyss:1  | Curus the Hill Orc Abyssal Knight began the quest for the
                  | Orb.
     0 | Abyss:1  | Reached XP level 1. HP: 19/19 MP: 2/2
    64 | Abyss:1  | Found a corrupted altar of Lugonu.
   113 | Abyss:1  | Noticed a small abomination
   115 | Abyss:1  | Noticed an eidolon
   117 | D:1      | Escaped the Abyss
   158 | D:1      | Reached * piety under Lugonu
   167 | D:1      | Reached XP level 2. HP: 18/26 MP: 2/4
   872 | D:2      | Reached XP level 3. HP: 27/31 MP: 5/5
  1577 | D:2      | Reached ** piety under Lugonu
  1577 | D:2      | Reached XP level 4. HP: 39/39 MP: 7/7
  1875 | D:3      | Slain by a hound

Skill      XL: |  1  2  3 |
---------------+----------+-----
Axes           | 3 4 |  4.9
Invocations    | 3 4 |  4.7
Fighting       | |  3.6
Armour         | |  2.1
Dodging        | |  0.7

Action                   |  1- 3 |  4- 6 || total
-------------------------+-------+-------++-------
Melee: Hand axe          |   110 |    37 ||   147
Invok: Depart the Abyss  |     1 |       ||     1
       Bend Space        |       |     1 ||     1
  Use: Potion            |     5 |       ||     5
       Scroll            |     4 |     2 ||     6
  Eat: Chunk             |     2 |     1 ||     3
Armor: Leather armour    |    31 |     8 ||    39
Dodge: Dodged            |    54 |    21 ||    75
